 Dungeon Crawl Stone Soup version 0.24-a0-290-gbb66a672fa (webtiles) character file.

Game seed: 17384537300289823019

41645 Redear the Fighter (level 13, -3/108 HPs)
             Began as a Demonspawn Chaos Knight on May 8, 2019.
             Was a Plaything of Xom.
             Engulfed by an ice statue's freezing vapour (28 damage)
             ... in an ice cave.
             The game lasted 00:57:47 (21555 turns).

Redear the Fighter (Demonspawn Chaos Knight)       Turns: 21555, Time: 00:57:48

Health: -3/108     AC: 32    Str: 16    XL:     13   Next: 81%
Magic:  13/13      EV: 16    Int: 19    God:    Xom [..*...]
Gold:   1230       SH: 18    Dex: 16    Spells: 12/12 levels left

rFire    . . .     SeeInvis .   W - +0 war axe (flame)
rCold    . . .     Gourm    .   G - +0 shield {AC+3} {AC+3}
rNeg     . . .     Faith    .   C - +4 ring mail
rPois    .         Spirit   .   O - +1 hat
rElec    .         Reflect  +   M - +0 cloak
rCorr    .         Harm     .   o - +0 pair of gloves
MR       .....                  q - +0 pair of boots
Stlth    +.........             K - brooch of Shielding {Reflect SH+8}
HPRegen  0.28/turn              (no ring)
MPRegen  0.13/turn              y - +5 ring of slaying

@: brilliant, sanguine armour, very slightly contaminated
A: hooves 1, horns 2, agile 1, powered by death 1, evolution 1, MP-powered
wands, sanguine armour 3
a: Renounce Religion


You were in an ice cave.
You worshipped Xom.
You were a toy of Xom.
You were very hungry.

You visited 2 branches of the dungeon, and saw 16 of its levels.
You also visited: Bailey and Ice Cave.

You collected 1230 gold pieces.

Inventory:

Hand Weapons
 w - a +3 war axe
 J - a +1 vampiric hand axe {!w}
 P - the +9 staff of Olgreb {rPois}
   (You found it in a bailey)

   It protects you from poison.
 V - the cursed +0 arbalest of Bloody Death {penet, Str+6 Int+4 Stlth-, unknown}
   (You found it in a bailey)

   Ammo fired by it will pass through the targets it hits, potentially hitting
   all targets in its path until it reaches maximum range.
   It affects your strength (+6).
   It affects your intelligence (+4).
   It makes you less stealthy.
   It has a curse placed upon it.
 W - a +0 war axe of flaming (weapon)
Missiles
 u - 497 stones (quivered)
 Z - 3 throwing nets {+f}
Armour
 a - a +0 scale mail
 m - a +0 large shield
 o - a +0 pair of gloves (worn)
 q - a +0 pair of boots (worn)
 C - a +4 ring mail (worn)
 G - a +0 shield of protection (worn) {AC+3}
 M - a +0 cloak (worn)
 O - a +1 hat (worn)
 X - a +2 scale mail of cold resistance {rC+}
Jewellery
 g - an uncursed ring of flight {+Fly}
 x - an uncursed amulet of the acrobat
 y - a +5 ring of slaying (right hand)
 K - the brooch of Shielding (around neck) {Reflect SH+8}
   (You took it off Fannar on level 11 of the Dungeon)

   [amulet of reflection]

   It shields you and reflects attacks.
   It affects your SH (+8).
Wands
 D - a wand of digging (9)
 I - a wand of iceblast (17)
 S - a wand of scattershot (11)
Scrolls
 b - a scroll of noise {unknown}
 e - 4 scrolls of enchant weapon
 f - 2 scrolls of random uselessness {unknown}
 h - 3 scrolls of fog
 k - 3 scrolls of brand weapon
 p - 4 scrolls of amnesia
 s - a scroll of silence
 v - 3 scrolls of magic mapping {unknown}
 B - a scroll of blinking {@r4}
 F - 3 scrolls of immolation {unknown}
 L - a scroll of fear {unknown}
 N - 4 scrolls of remove curse {@r2}
 R - 9 scrolls of identify {@r1}
 T - 2 scrolls of teleportation {@r3}
Potions
 d - 2 potions of brilliance {Archmagi Int+5 Wiz++}
 j - 2 potions of heal wounds {@q1}
 l - 3 potions of flight
 n - 5 potions of lignification
 r - a potion of resistance {rF+ rC+ rPois rElec rCorr}
 E - 3 potions of degeneration {!q}
 H - 5 potions of haste {@q5}
 Q - 4 potions of curing {@q2}
 U - a potion of might {Str+5 DMG+1d10 | @q3}
 Y - 2 potions of agility {Stlth+ Dex+5 EV+5 | @q4}
Comestibles
 z - 44 rations


   Skills:
 + Level 12.1 Fighting
 + Level 11.1 Axes
 + Level 11.0 Armour
 + Level 10.8 Dodging
 + Level 5.6 Shields


You had 12 spell levels left.
You didn't know any spells.
Your spell library contained the following spells:

 Spells                   Type           Power        Failure   Level  Hunger
 Magic Dart               Conj           ##..         13%         1    ##.....
 Poisonous Vapours        Pois/Air       ##....       17%         2    ###....
 Searing Ray              Conj           ##....       17%         2    ###....
 Conjure Flame            Conj/Fire      ##......     32%         3    ####...
 Dazzling Spray           Conj/Hex       ##....       32%         3    ####...
 Mephitic Cloud           Conj/Pois/Air  ##......     32%         3    ####...
 Force Lance              Conj/Tloc      ##......     67%         4    #####..
 Fulminant Prism          Conj/Hex       ##........   67%         4    #####..
 Iskenderun's Mystic Bla  Conj           ##......     67%         4    #####..
 Freezing Cloud           Conj/Ice/Air   ##........   100%        6    #######
 Ring of Flames           Chrm/Fire      ##........   100%        7    #######


Dungeon Overview and Level Annotations

Branches:
Dungeon (15/15)            Temple (0/1) D:6            Lair (1/6) D:8
    Orc (0/2) D:11         Vaults (0/5) D:13         Depths (0/5) D:15

Altars:
Ashenzari
Elyvilon
Fedhas
Gozag
Kikubaaqudgha
Nemelex Xobeh
Qazlal
Sif Muna
Trog
Vehumet
Wu Jian
Xom
The Shining One
Beogh

Shops:
D:4 (   D:5 }

Portals:
Trove: D:14 (show abyssal rune of Zot)

Annotations:
IceCv exclusion: ice statue


Innate Abilities, Weirdness & Mutations

You have a pair of horns on your head.
You regenerate a little health from kills.
When seriously injured, your bleeding wounds create very thick armour. (AC +12)
You have large cloven feet.
You are agile. (Dex +2)
You evolve.
You expend magic power (3 MP) to strengthen your wands.


Message History

You headbutt the ice statue.
The ice statue is lightly damaged.
You barely miss the ice beast.
You are feeling very hungry.
You slash the ice statue!
You melt the ice statue.
The ice statue is moderately damaged.
You slash the ice beast!
You melt the ice beast.
You closely miss the ice beast. You block the ice beast's attack. x2
The ice statue gestures at you. The freezing blast engulfs you.
* * * LOW HITPOINT WARNING * * *
You take 6 damage, and have 25/108 hp.
Blink to where?
Press: ? - help, Dir - move target cursor You are very lightly contaminated with residual magic.
As you read the scroll of blinking {@r4}, it crumbles to dust.
The ice statue glitters chillingly in the dim dungeon light.
The ice statue gestures at you.
You are engulfed in freezing vapours.
You die...

########## #
######..☼##§§☼### ##
#.#...##§○@##☼§○###
.####..#..##########Y○☼☼###
#...#####..# ##○Y8..#
..#...#..### ##○○☼..#
#####..### ...#### ####
...## ..### .## ##


There were no monsters in sight!

Vanquished Creatures
  A yaktaur captain (D:15)
  Fannar (D:11)
  A hydra (D:15)
  5 centaur warriors
  3 two-headed ogres
  A tengu warrior (D:13)
  An orc knight (Bailey)
  2 necromancers (D:13)
  2 wolf spider zombies (D:15)
  6 ugly things
  2 orc sorcerers (Bailey)
  A deep elf mage (D:13)
  2 manticores
  2 centaur zombies
  Psyche (D:11)
  A rime drake (IceCv)
  An efreet (D:15)
  A guardian mummy (D:14)
  3 meliai (D:15)
  4 trolls
  2 hornets
  7 polar bears (IceCv)
  4 slime creatures (D:12)
  A hippogriff (D:8)
  A tarantella (D:7)
  2 water elementals (D:14)
  2 wyverns
  30 yaks
  A basilisk (D:9)
  A hungry ghost (D:9)
  2 steam dragons
  11 vampire mosquitoes
  4 wargs (D:11)
  An acid dragon (D:9)
  2 ice beasts
  A black bear (D:7)
  2 necrophages
  23 orc warriors
  6 sky beasts
  A phantom (D:9)
  17 wolves (IceCv)
  An eye of draining (D:15)
  8 ogres
  19 centaurs
  5 big kobolds
  A crocodile (Lair:1)
  7 bullfrogs
  4 scorpions
  A water moccasin skeleton (D:4)
  9 wights
  9 killer bees
  A howler monkey (D:11)
  4 electric eels (Bailey)
  6 crimson imps
  4 jellies
  2 quasits
  2 bullfrog zombies
  6 hounds
  A bullfrog skeleton (D:4)
  10 orc priests
  4 centaur skeletons
  2 iguanas
  16 orc wizards
  12 worker ants
  A hound skeleton (D:4)
  A howler monkey zombie (D:5)
  8 gnolls (Bailey)
  15 adders
  3 shadow imps
  2 oozes
  2 adder skeletons
  3 worms (D:2)
  3 dart slugs
  6 leopard geckos
  74 orcs
  A ball python (D:5)
  A giant cockroach (D:3)
  10 hobgoblins
  12 jackals
  17 kobolds
  8 quokkas
  5 bats
  4 frilled lizards
  A giant cockroach zombie (D:5)
  13 goblins
  A jackal skeleton (D:8)
  A leopard gecko skeleton (D:7)
  A quokka zombie (D:5)
  9 rats
498 creatures vanquished.

Vanquished Creatures (collateral kills)
  A dire elephant (shapeshifter) (D:6)
  A two-headed ogre (D:9)
  Pikel (D:6)
  A manticore (D:9)
  3 yaks
  3 orc warriors
  4 slaves (D:6)
  A centaur (D:9)
  A scorpion (D:9)
  A jelly (D:11)
  2 orc wizards (D:4)
  2 worker ants
  A worker ant zombie (D:8)
  An orc (Bailey)
  2 goblins (D:11)
  A hobgoblin (Bailey)
26 creatures vanquished.

Vanquished Creatures (others)
  An ugly thing (D:14)
  A yaktaur (D:15)
  Prince Ribbit (D:7)
  A water moccasin (D:9)
  A wolf (IceCv)
  3 centaurs
  A bullfrog (D:9)
  A scorpion (D:9)
  A gnoll (Bailey)
  An orc (D:7)
  2 kobolds (D:11)
14 creatures vanquished.

Grand Total: 538 creatures vanquished

Notes
Turn   | Place    | Note
-------+----------+-------------------------------------------
     0 | D:1      | Redear the Demonspawn Chaos Knight began the quest for the
                  | Orb.
     0 | D:1      | Reached XP level 1. HP: 18/18 MP: 1/1
    38 | D:1      | XOM: divination: magic mapping
    46 | D:1      | Reached skill level 1 in Dodging
   158 | D:1      | Reached skill level 2 in Armour
   187 | D:1      | Gained mutation: When seriously injured, your bleeding
                  | wounds create armour. (AC +12) [demonic ancestry]
   187 | D:1      | Reached XP level 2. HP: 15/24 MP: 2/2
   254 | D:1      | XOM: silly message
   273 | D:1      | XOM: harmless Air miscast
   638 | D:2      | Found a faded altar of an unknown god.
   649 | D:2      | XOM: confuse monster(s)
   662 | D:2      | Reached skill level 3 in Axes
   681 | D:2      | Gained mutation: When seriously injured, your bleeding
                  | wounds create thick armour. (AC +12) [demonic ancestry]
   681 | D:2      | Reached XP level 3. HP: 12/29 MP: 3/3
   790 | D:2      | XOM: divination: detect items
   852 | D:2      | Gained mutation: You regenerate a little health from kills.
                  | [demonic ancestry]
   852 | D:2      | Reached XP level 4. HP: 6/35 MP: 4/4
   886 | D:2      | XOM: divination: detect items
  1277 | D:2      | Reached skill level 2 in Dodging
  1402 | D:2      | XOM: harmless Fire miscast
  1448 | D:2      | Found a sparkling altar of Nemelex Xobeh.
  1759 | D:3      | XOM: cloud trail
  1869 | D:3      | XOM: give mutation
  1869 | D:3      | Gained mutation: You have large cloven feet. [Xom's grace]
  2099 | D:3      | XOM: cloud trail
  2151 | D:3      | XOM: scenery: create altars
  2179 | D:3      | XOM: cloud trail
  2339 | D:4      | Gained mutation: You have a pair of small horns on your
                  | head. [demonic ancestry]
  2339 | D:4      | Reached XP level 5. HP: 26/42 MP: 5/5
  2343 | D:4      | Reached skill level 4 in Fighting
  2343 | D:4      | Reached skill level 3 in Armour
  2488 | D:4      | Noticed an ogre
  2492 | D:4      | XOM: smoke on damage
  2624 | D:4      | XOM: swap monsters
  2640 | D:3      | XOM: noise
  2768 | D:4      | XOM: cast spell 'Olgreb's Toxic Radiance'
  2894 | D:4      | XOM: 2-stop teleportation journey
  2981 | D:4      | XOM: summons 2 friendly demons
  2989 | D:4      | XOM: smoke on damage
  2995 | D:4      | HP: 4/42 [poisoned by an orc wizard]
  3001 | D:4      | Lost mutation: You have large cloven feet. [potion of
                  | mutation]
  3001 | D:4      | Gained mutation: You are robust. (+10% HP) [potion of
                  | mutation]
  3001 | D:4      | Gained mutation: You are dopey. (Int -2) [potion of
                  | mutation]
  3001 | D:4      | Gained mutation: You are agile. (Dex +2) [potion of
                  | mutation]
  3001 | D:4      | Gained mutation: You have a pair of horns on your head.
                  | [potion of mutation]
  3012 | D:5      | Entered Level 5 of the Dungeon
  3031 | D:5      | HP: 4/46 [poisoned by an orc wizard]
  3039 | D:5      | HP: 3/46 [poisoned by an orc wizard]
  3075 | D:5      | XOM: silly message
  3078 | D:5      | XOM: 1-stop teleportation journey
  3335 | D:5      | Reached XP level 6. HP: 51/52 MP: 6/6
  3406 | D:5      | Reached skill level 3 in Dodging
  3444 | D:5      | XOM: god gift: glowing fustibalus {god gift}
  3566 | D:5      | XOM: give mutations
  3566 | D:5      | Gained mutation: Your body sometimes deteriorates upon
                  | taking damage. [Xom's mischief]
  3566 | D:5      | Gained mutation: You are weak. (Str -2) [Xom's mischief]
  3650 | D:5      | Reached skill level 4 in Axes
  3721 | D:5      | Found Soaroal's Gadget Shop.
  3745 | D:5      | Found a bloodstained altar of Trog.
  3806 | D:5      | XOM: 3-stop teleportation journey
  4192 | D:5      | XOM: butterfly on damage
  4206 | D:5      | XOM: cleaving
  4208 | D:5      | Reached XP level 7. HP: 27/60 MP: 7/7
  4484 | D:5      | XOM: scenery: create altars
  4664 | D:4      | XOM: 9-stop teleportation journey
  4705 | D:4      | Found Punem's Antique Weapon Shoppe.
  4759 | D:4      | XOM: summons friendly quasit
  4761 | D:4      | XOM: cast spell 'Statue Form'
  4764 | D:4      | Reached skill level 5 in Fighting
  4764 | D:4      | Reached skill level 4 in Armour
  5073 | D:4      | XOM: give mutations
  5073 | D:4      | Gained mutation: You are resistant to hostile enchantments.
                  | (MR+) [Xom's mischief]
  5073 | D:4      | Lost mutation: You are dopey. (Int -2) [Xom's mischief]
  5073 | D:4      | Gained mutation: You are dopey. (Int -2) [Xom's mischief]
  5115 | D:4      | XOM: confuse monster(s)
  6032 | D:6      | Reached skill level 4 in Dodging
  6334 | D:6      | XOM: harmless Chrm miscast
  6376 | D:6      | Reached skill level 5 in Axes
  6376 | D:6      | Reached XP level 8. HP: 26/69 MP: 8/8
  6518 | D:6      | XOM: confuse monster(s)
  6756 | D:6      | Noticed a shapeshifter
  6756 | D:6      | a jelly changed into a shapeshifter
  6756 | D:6      | XOM: polymorph jelly -> shapeshifter
  6756 | D:6      | Noticed a polar bear
  6756 | D:6      | a shapeshifter changed into a polar bear
  6777 | D:6      | XOM: confusion (+ monsters)
  6802 | D:6      | a polar bear changed into a yak
  6814 | D:5      | HP: 7/70 [acid (6)]
  6817 | D:5      | XOM: polymorph jelly -> ooze
  6824 | D:5      | HP: 4/70 [ooze (4)]
  7301 | D:6      | XOM: silly message
  7322 | D:6      | XOM: enchant monster (bad)
  7519 | D:6      | Found a staircase to the Ecumenical Temple.
  7925 | D:6      | Reached skill level 6 in Fighting
  7925 | D:6      | Reached skill level 5 in Armour
  7986 | D:6      | Noticed a death yak
  8006 | D:6      | Noticed a minotaur
  8007 | D:6      | XOM: potion effect (curing)
  8028 | D:6      | XOM: enchant monster (bad)
  8031 | D:6      | XOM: scenery: create altars
  8046 | D:6      | XOM: confusion
  8056 | D:6      | Noticed a catoblepas
  8056 | D:6      | a minotaur changed into a catoblepas
  8059 | D:6      | XOM: cast spell 'Summon Dragon'
  8063 | D:6      | Noticed a dire elephant
  8063 | D:6      | a catoblepas changed into a dire elephant
  8071 | D:6      | Killed a dire elephant
  8071 | D:6      | Reached skill level 6 in Axes
  8071 | D:6      | Reached skill level 5 in Dodging
  8071 | D:6      | Reached XP level 9. HP: 57/78 MP: 9/9
  8077 | D:6      | Noticed Pikel
  8103 | D:6      | Killed Pikel
  8289 | D:6      | XOM: torment (40/78 hp)
  8608 | D:7      | Found an opulent altar of Gozag.
  8808 | D:7      | Noticed Prince Ribbit
  8861 | D:7      | XOM: medium Air miscast
  8867 | D:7      | Killed Prince Ribbit
  8867 | D:7      | Reached skill level 7 in Fighting
  8867 | D:7      | Reached skill level 6 in Armour
  8875 | D:7      | XOM: smoke on damage
  8896 | D:7      | XOM: give mutations
  8896 | D:7      | Lost mutation: You are resistant to hostile enchantments.
                  | (MR+) [Xom's mischief]
  8896 | D:7      | Gained mutation: Your flesh is cold resistant. (rC+) [Xom's
                  | mischief]
  8905 | D:7      | XOM: smoke on damage
  9028 | D:7      | XOM: severe Fire miscast
  9032 | D:7      | XOM: smoke on damage
  9033 | D:7      | HP: 7/79 [burnt (8)]
  9635 | D:7      | XOM: harmless Hex miscast
  9852 | D:7      | XOM: give mutations
  9852 | D:7      | Gained mutation: Your body often deteriorates upon taking
                  | damage. [Xom's mischief]
  9852 | D:7      | Lost mutation: You are robust. (+10% HP) [Xom's mischief]
  9852 | D:7      | Lost mutation: You are dopey. (Int -2) [Xom's mischief]
  9852 | D:7      | Lost mutation: You are weak. (Str -2) [Xom's mischief]
  9872 | D:8      | XOM: polymorph adder -> killer bee
 10206 | D:8      | XOM: 2-stop teleportation journey
 10210 | D:8      | XOM: noise
 10213 | D:8      | XOM: polymorph orc warrior -> steam dragon
 10216 | D:8      | XOM: blink monster(s)
 10218 | D:8      | XOM: confuse monster(s)
 10227 | D:8      | XOM: confuse monster(s)
 10229 | D:8      | Reached skill level 6 in Dodging
 10365 | D:8      | Found a staircase to the Lair.
 10391 | D:8      | Noticed Harold
 10418 | D:8      | Lost mutation: You have a pair of horns on your head.
                  | [potion of mutation]
 10418 | D:8      | Lost mutation: Your body often deteriorates upon taking
                  | damage. [potion of mutation]
 10418 | D:8      | Lost mutation: You are agile. (Dex +2) [potion of mutation]
 10418 | D:8      | Lost mutation: Your body sometimes deteriorates upon taking
                  | damage. [potion of mutation]
 10418 | D:8      | Gained mutation: Potions are less effective at restoring
                  | your health. [potion of mutation]
 10418 | D:8      | Gained mutation: You expend magic power (3 MP) to
                  | strengthen your wands. [potion of mutation]
 10418 | D:8      | Gained mutation: Your flesh is heat resistant. (rF+)
                  | [potion of mutation]
 10418 | D:8      | Gained mutation: You are agile. (Dex +2) [potion of
                  | mutation]
 10419 | D:8      | Noticed Harold
 10419 | D:8      | Harold changed into Harold the tarantella
 10419 | D:8      | XOM: polymorph Harold -> Harold the tarantella
 10557 | D:7      | XOM: divination: magic mapping
 10560 | D:8      | XOM: summons friendly iron imp
 10577 | D:7      | Killed Harold the tarantella
 10577 | D:7      | Reached skill level 7 in Axes
 11031 | D:8      | XOM: potion effect (curing)
 11046 | D:8      | XOM: divination: detect creatures
 11057 | D:8      | XOM: enchant monster (good)
 11093 | D:8      | XOM: summons friendly quasit
 11096 | D:8      | XOM: harmless Fire miscast
 11097 | D:8      | XOM: enchant monster (good)
 11237 | D:8      | XOM: god gift: falchion {god gift}
 11474 | D:8      | XOM: medium Fire miscast
 11593 | D:8      | Found a deep blue altar of Sif Muna.
 11630 | D:8      | Found an ancient bone altar of Kikubaaqudgha.
 11648 | D:8      | Found a radiant altar of Vehumet.
 11668 | D:8      | XOM: harmless Pois miscast
 11770 | D:9      | XOM: polymorph orc warrior -> ooze
 11785 | D:9      | Gained mutation: You have a pair of horns on your head.
                  | [demonic ancestry]
 11785 | D:9      | Reached XP level 10. HP: 50/80 MP: 10/10
 11939 | D:9      | Found a bloodstained altar of Trog.
 11946 | D:9      | Found a white marble altar of Elyvilon.
 11950 | D:9      | Found a shimmering altar of Xom.
 11957 | D:9      | Found a glowing golden altar of the Shining One.
 11978 | D:9      | Found a blossoming altar of Fedhas.
 12037 | D:9      | Reached skill level 8 in Fighting
 12072 | D:9      | Reached skill level 7 in Armour
 12093 | D:9      | XOM: god gift: hand crossbow {god gift}
 12159 | D:9      | XOM: summons friendly quasit
 12227 | D:9      | XOM: polymorph quasit -> shadow imp
 12470 | D:9      | XOM: 7-stop teleportation journey
 12547 | D:9      | XOM: give mutations
 12547 | D:9      | Gained mutation: You evolve. [Xom's grace]
 12547 | D:9      | Gained mutation: Your spells are a little harder to cast,
                  | but a little more powerful. [Xom's grace]
 12547 | D:9      | Gained mutation: Your mind is acute. (Int +2) [Xom's grace]
 12547 | D:9      | Gained mutation: You have a pair of large horns on your
                  | head. [Xom's grace]
 12619 | D:9      | Noticed a two-headed ogre
 12619 | D:9      | Noticed a two-headed ogre
 12629 | D:9      | XOM: divine lightning
 12635 | D:9      | XOM: summons 10 friendly demons
 12642 | D:9      | Killed a two-headed ogre
 12642 | D:9      | Reached skill level 7 in Dodging
 12651 | D:9      | Killed a two-headed ogre
 12663 | D:9      | Noticed a manticore
 12672 | D:9      | Killed a manticore
 12673 | D:9      | Noticed a brown ugly thing
 12674 | D:9      | Noticed a two-headed ogre
 12682 | D:9      | XOM: divination: detect items
 12688 | D:9      | XOM: divination: magic mapping
 12693 | D:9      | XOM: divination: detect creatures
 12703 | D:8      | XOM: potion effect (brilliance)
 12878 | D:8      | Killed a brown ugly thing
 12984 | D:9      | XOM: divination: detect creatures
 12990 | D:9      | XOM: divination: detect creatures
 12993 | D:9      | XOM: potion effect (brilliance)
 12997 | D:9      | Reached skill level 8 in Axes
 13009 | D:9      | XOM: noise
 13014 | D:9      | XOM: divination: magic mapping
 13038 | D:9      | Reached skill level 9 in Fighting
 13042 | D:9      | XOM: enchant monster (bad)
 13056 | D:9      | XOM: blink monster(s)
 13058 | D:9      | XOM: harmless Conj miscast
 13075 | D:9      | HP: 6/83 [something (13)]
 13121 | D:9      | Reached skill level 8 in Armour
 13535 | D:9      | XOM: butterfly on damage
 13539 | D:9      | Killed a two-headed ogre
 13539 | D:9      | Reached XP level 11. HP: 65/89 MP: 5/11
 13623 | D:10     | Entered Level 10 of the Dungeon
 13764 | D:10     | Noticed a two-headed ogre
 13770 | D:10     | Killed a two-headed ogre
 13770 | D:10     | Reached skill level 8 in Dodging
 13841 | D:10     | Found an ornate altar of the Wu Jian Council.
 13852 | D:10     | XOM: repel stairs
 13867 | D:10     | XOM: swap monsters
 13878 | D:10     | XOM: enchant monster (bad)
 13888 | D:10     | XOM: cast spell 'Summon Horrible Things'
 14358 | D:10     | XOM: divination: detect creatures
 14391 | D:10     | Paralysed by a hornet for 1 turns
 14587 | D:11     | Found a flagged portal.
 14599 | D:11     | Reached skill level 9 in Axes
 14620 | Bailey   | Entered a bailey
 14683 | Bailey   | Found an iron altar of Okawaru.
 14683 | Bailey   | Noticed an orc sorcerer
 14683 | Bailey   | Noticed an orc sorcerer
 14688 | Bailey   | Noticed a soul eater
 14695 | Bailey   | Killed an orc sorcerer
 14698 | Bailey   | XOM: divination: magic mapping
 14701 | Bailey   | XOM: smoke on damage
 14704 | Bailey   | Killed an orc sorcerer
 14728 | Bailey   | Reached skill level 10 in Fighting
 14777 | Bailey   | Reached skill level 9 in Armour
 14777 | Bailey   | XOM: enchant monster (good)
 14810 | Bailey   | XOM: potion effect (might)
 14857 | Bailey   | Found the +9 staff of Olgreb {rPois}
 14929 | Bailey   | Noticed an orc knight
 14937 | Bailey   | XOM: confusion (+ monsters)
 14962 | Bailey   | Killed an orc knight
 14991 | Bailey   | XOM: confusion (+ monsters)
 15227 | Bailey   | Got a shimmering arbalest
 15267 | D:11     | Noticed Psyche
 15267 | D:11     | XOM: confuse monster(s)
 15291 | D:11     | Killed Psyche
 15291 | D:11     | Reached skill level 9 in Dodging
 15311 | D:11     | XOM: divination: detect creatures
 15357 | D:11     | Lost mutation: You have a pair of large horns on your head.
                  | [evolution]
 15492 | D:11     | Noticed Fannar
 15518 | D:11     | Killed Fannar
 15518 | D:11     | Reached XP level 12. HP: 31/98 MP: 12/12
 15565 | D:11     | XOM: harmless Pois miscast
 15786 | D:11     | XOM: cleaving
 15917 | D:11     | Found a roughly hewn altar of Beogh.
 15917 | D:11     | Found a staircase to the Orcish Mines.
 15940 | D:11     | XOM: harmless Air miscast
 15964 | D:11     | XOM: divination: magic mapping
 15989 | D:11     | XOM: potion effect (invisibility)
 16164 | D:11     | Reached skill level 1 in Shields
 16165 | D:11     | XOM: enchant monster (good)
 16177 | D:11     | XOM: cast spell 'Leda's Liquefaction'
 16668 | D:12     | XOM: cast spell 'Cause Fear'
 16702 | D:12     | Got a dazzling rapier
 16731 | D:12     | XOM: silly message
 16787 | D:12     | Reached skill level 2 in Shields
 16950 | D:12     | XOM: god gift: potion of lignification
 17002 | D:12     | XOM: noise
 17043 | D:12     | Found a gate leading to a gauntlet.
 17093 | D:12     | XOM: destruction
 17133 | D:12     | XOM: god gift: 6 sling bullets
 17325 | D:13     | Noticed a centaur warrior
 17341 | D:13     | Noticed a centaur warrior
 17344 | D:13     | Killed a centaur warrior
 17344 | D:13     | Reached skill level 10 in Axes
 17517 | D:12     | XOM: harmless Chrm miscast
 17525 | D:13     | XOM: cast spell 'Dispersal'
 17529 | D:13     | XOM: noise
 17539 | D:13     | XOM: divination: detect creatures
 17546 | D:13     | XOM: noise
 17555 | D:13     | XOM: noise
 17559 | D:13     | XOM: harmless Hex miscast
 17624 | D:13     | Found a shattered altar of Ashenzari.
 17662 | D:13     | Killed a centaur warrior
 17662 | D:13     | Reached skill level 11 in Fighting
 17662 | D:13     | Reached skill level 10 in Armour
 17662 | D:13     | Reached skill level 3 in Shields
 17718 | D:13     | XOM: harmless Conj miscast
 17936 | D:13     | Noticed a tengu warrior
 17948 | D:13     | Killed a tengu warrior
 17970 | D:13     | XOM: potion effect (berserk rage)
 17979 | D:13     | XOM: enchant monster (bad)
 18058 | D:13     | Reached skill level 10 in Dodging
 18133 | D:13     | XOM: god gift: 32 gold pieces
 18149 | D:13     | Found a gate to the Vaults.
 18165 | D:13     | HP: 7/100 [necromancer/bolt of cold (9)]
 18276 | D:13     | Lost mutation: Your flesh is heat resistant. (rF+)
                  | [evolution]
 18667 | D:14     | XOM: confuse monster(s)
 18673 | D:14     | XOM: noise
 18674 | D:14     | XOM: enchant monster (good)
 18685 | D:14     | XOM: enchant monster (bad)
 18687 | D:14     | Gained mutation: When seriously injured, your bleeding
                  | wounds create very thick armour. (AC +12) [demonic
                  | ancestry]
 18687 | D:14     | Reached XP level 13. HP: 66/106 MP: 13/13
 18688 | D:14     | XOM: confuse monster(s)
 18698 | D:14     | Reached skill level 4 in Shields
 18864 | D:14     | XOM: harmless Air miscast
 18895 | D:14     | Found a stormy altar of Qazlal.
 19214 | D:14     | XOM: divination: detect items
 19250 | D:14     | XOM: enchant monster (bad)
 19273 | D:14     | Found a portal to a secret trove of treasure.
 19627 | D:15     | Entered Level 15 of the Dungeon
 19657 | D:15     | XOM: destruction
 19662 | D:15     | XOM: enchant monster (bad)
 19915 | D:15     | XOM: stat loss: -1 Str (15/16)
 19961 | D:15     | XOM: blink monster(s)
 20226 | D:15     | XOM: chaos upgrade
 20326 | D:15     | XOM: 3-stop teleportation journey
 20417 | D:15     | Found a staircase to the Depths.
 20423 | D:15     | Reached skill level 5 in Shields
 20432 | D:15     | XOM: draining
 20465 | D:15     | XOM: mild Summ miscast
 20633 | D:15     | XOM: mild Tloc miscast
 20781 | D:11     | XOM: give mutations
 20781 | D:11     | Gained mutation: Scrolls take you a little longer to read.
                  | [Xom's mischief]
 20781 | D:11     | Lost mutation: Your flesh is cold resistant. (rC+) [Xom's
                  | mischief]
 20781 | D:11     | Gained mutation: You occasionally shout uncontrollably at
                  | your foes. [Xom's mischief]
 20781 | D:11     | Lost mutation: You are agile. (Dex +2) [Xom's mischief]
 20862 | Lair:1   | Entered Level 1 of the Lair of Beasts
 20863 | Lair:1   | Lost mutation: Scrolls take you a little longer to read.
                  | [potion of mutation]
 20863 | Lair:1   | Lost mutation: Your mind is acute. (Int +2) [potion of
                  | mutation]
 20863 | Lair:1   | Lost mutation: You occasionally shout uncontrollably at
                  | your foes. [potion of mutation]
 20863 | Lair:1   | Gained mutation: Scrolls take you a little longer to read.
                  | [potion of mutation]
 20863 | Lair:1   | Gained mutation: You have large cloven feet. [potion of
                  | mutation]
 20864 | Lair:1   | Lost mutation: Scrolls take you a little longer to read.
                  | [potion of mutation]
 20864 | Lair:1   | Lost mutation: You expend magic power (3 MP) to strengthen
                  | your wands. [potion of mutation]
 20864 | Lair:1   | Lost mutation: You have large cloven feet. [potion of
                  | mutation]
 20864 | Lair:1   | Lost mutation: Your spells are a little harder to cast, but
                  | a little more powerful. [potion of mutation]
 20864 | Lair:1   | Gained mutation: You have large cloven feet. [potion of
                  | mutation]
 20864 | Lair:1   | Lost mutation: Potions are less effective at restoring your
                  | health. [potion of mutation]
 20864 | Lair:1   | Gained mutation: You expend magic power (3 MP) to
                  | strengthen your wands. [potion of mutation]
 20864 | Lair:1   | Gained mutation: You are agile. (Dex +2) [potion of
                  | mutation]
 20933 | Lair:1   | Found a frozen archway.
 20980 | IceCv    | Entered an ice cave
 21011 | IceCv    | XOM: confusion
 21070 | IceCv    | Reached skill level 11 in Axes
 21108 | IceCv    | XOM: fog
 21154 | IceCv    | XOM: noise
 21162 | IceCv    | XOM: scenery: create altars
 21170 | IceCv    | Reached skill level 12 in Fighting
 21179 | IceCv    | XOM: smoke on damage
 21245 | IceCv    | Reached skill level 11 in Armour
 21267 | IceCv    | XOM: scenery: create altars
 21342 | IceCv    | XOM: cleaving
 21386 | IceCv    | XOM: god gift: scale mail {god gift}
 21421 | IceCv    | XOM: harmless Hex miscast
 21542 | IceCv    | XOM: harmless Tmut miscast
 21550 | IceCv    | XOM: potion effect (brilliance)
 21555 | IceCv    | Engulfed by an ice statue's freezing vapour

Levels and vault maps discovered:
D:1:      minmay_arrival_up_and_down, layout_loops_ring
D:2:      layout_rooms, nemelex_altar_shiori,
          chequers_ecumenical_altar_simple_redux
D:3:      layout_loops_ring, minmay_misc_feat_nine_boxes, nrook_loot_triangle
D:4:      layout_loops_cross, serial_shops, kennysheep_mini_moat
D:5:      layout_cave_pods, serial_shops, kennysheep_mini, first_ration,
          trog_butcher_becter
D:6:      layout_gridville, temple_statues, uniq_pikel
D:7:      layout_loops_ring, basic_altar, uniq_prince_ribbit1
D:8:      layout_cave_pools, palyth_temple_overflow_mages, lair_entry_dummy,
          blue_anna_alchemist [blue_anna_fruit_fields, blue_anna_fruit_fields],
          minmay_fractal_squares_5, uniq_harold
D:9:      wad_crossroads, layout_loops_ring, minmay_overflow_temple_star_hex,
          minmay_pinched_square
D:10:     layout_stronghold, basic_altar, nooodl_food_tri
D:11:     layout_small_grid, david_orc_5, enter_bailey_3, nooodl_orcs_dogs,
          uniq_psyche, uniq_fannar
D:12:     layout_loops_ring, gauntlet_entry_generic
D:13:     layout_long_grid, david_vaults_1, nicolae_ashenzari_panopticon
D:14:     layout_basic, basic_altar, nicolae_trove_entry_path_of_doom,
          abandoned_shop
D:15:     grunt_enter_depths_snipers, layout_rooms, special_room
          [special_room_orc], columned_hall_lemuel,
          chequers_serial_rivers_room_b
Lair:1:   layout_cave_pods, portal_ice_cave_entry_pillars_1
IceCv:    ice_cave_caverns_01

Skill      XL: |  1  2  3  4  5  6  7  8  9 10 11 12 13 |
---------------+----------------------------------------+-----
Dodging        | 1 2 3 4 5 6 7 9 10 | 10.8
Armour         | 2 3 4 5 6 8 9 10 11 | 11.0
Axes           | 3 4 5 6 7 8 9 10 11 | 11.1
Fighting       | 4 5 6 7 9 10 11 12 | 12.1
Shields        | 3 5 |  5.6

Action                   |  1- 3 |  4- 6 |  7- 9 | 10-12 | 13-15 || total
-------------------------+-------+-------+-------+-------+-------++-------
Melee: Hand axe          |    91 |    75 |    48 |   735 |       ||   949
       Kick              |       |     2 |       |       |       ||     2
       Dagger            |       |   136 |   289 |       |       ||   425
       Headbutt          |       |    30 |   128 |   251 |    89 ||   498
       Whip              |       |       |   293 |   144 |       ||   437
       War axe           |       |       |       |   212 |   328 ||   540
 Fire: Fustibalus        |       |       |     3 |       |       ||     3
Evoke: Wand              |       |       |     7 |    12 |     1 ||    20
  Use: Potion            |       |     6 |     9 |    15 |     2 ||    32
       Scroll            |       |     5 |     7 |    11 |     1 ||    24
 Stab: Confused          |     1 |       |     3 |     6 |       ||    10
       Petrified         |       |       |     2 |     2 |       ||     4
       Invisible         |       |       |     2 |     8 |       ||    10
       Paralysed         |       |       |     1 |       |       ||     1
       Distracted        |       |       |       |     1 |       ||     1
  Eat: Chunk             |       |     6 |    16 |    16 |     3 ||    41
       Ration            |       |     1 |     3 |     5 |     2 ||    11
Armor: Leather armour    |    49 |    88 |    87 |       |       ||   224
       Skin              |       |       |     5 |       |       ||     5
       Ring mail         |       |       |   165 |   319 |   125 ||   609
Dodge: Dodged            |    75 |   189 |   540 |   589 |   215 ||  1608
Block: Shield            |       |       |       |   363 |   344 ||   707
       Reflection        |       |       |       |    39 |     8 ||    47
       Other             |       |       |       |    17 |       ||    17

Table legend:
 A = Non-vault XP
 B = Vault XP
 C = Vault XP percentage of total XP
 D = Non-vault monster count
 E = Vault monster count
 F = Vault count percentage of total count
                 A         B        C        D         E       F
            +---------+---------+-------+---------+---------+-------
      Total |   35771 |   23723 |  39.9 |     345 |     183 |  34.7
            +---------+---------+-------+---------+---------+-------
        D:1 |      22 |       0 |   0.0 |      14 |       0 |   0.0
        D:2 |     102 |       0 |   0.0 |      27 |       0 |   0.0
        D:3 |      29 |       0 |   0.0 |       8 |       0 |   0.0
        D:4 |     458 |       0 |   0.0 |      16 |       0 |   0.0
        D:5 |     583 |       7 |   1.2 |      23 |       4 |  14.8
        D:6 |    1642 |     321 |  16.4 |      22 |       1 |   4.3
        D:7 |     523 |     573 |  52.3 |      16 |       6 |  27.3
        D:8 |     938 |     853 |  47.6 |      17 |       7 |  29.2
        D:9 |    2512 |    3184 |  55.9 |      33 |      15 |  31.2
       D:10 |    3012 |     529 |  14.9 |      20 |       4 |  16.7
       D:11 |    4386 |    2839 |  39.3 |      46 |      40 |  46.5
       D:12 |    2690 |       0 |   0.0 |      23 |       0 |   0.0
       D:13 |    6474 |    1543 |  19.2 |      33 |       3 |   8.3
       D:14 |    5786 |     337 |   5.5 |      24 |       1 |   4.0
       D:15 |    6517 |    3452 |  34.6 |      22 |      23 |  51.1
     Lair:1 |      97 |       0 |   0.0 |       1 |       0 |   0.0
     Bailey |       0 |    3267 | 100.0 |       0 |      42 | 100.0
      IceCv |       0 |    6818 | 100.0 |       0 |      37 | 100.0
            +---------+---------+-------+---------+---------+-------
